 Dungeon Sprint DCSS version 0.26-a0-1026-g544776af23 (webtiles) character file.

Game seed: 302618291185114799

8121 sahdkjhfkaj the Arsonist (level 11, -4/111 HPs)
             Began as a Grey Draconian Fire Elementalist on Dec 9, 2020.
             Was the Champion of Makhleb.
             Succumbed to a +0 glaive of venom's poison
             ... in the Dungeon (Sprint V: "Ziggurat Sprint").
             The game lasted 00:03:02 (1085 turns).

sahdkjhfkaj the Arsonist (DrFE)                     Turns: 1085, Time: 00:03:03

Health: -4/111     AC: 12    Str: 11    XL:     11   Next: 5%
Magic:  6/24       EV: 12    Int: 30    God:    Makhleb [******]
Gold:   0          SH:  0    Dex: 12    Spells: 1/28 levels left

rFire    . . .     SeeInvis .   B - +7 Singing Sword {vorpal, sonic wave}
rCold    . . .     Faith    .   (no shield)
rNeg     . . .     Spirit   .   (armour unavailable)
rPois    .         Reflect  .   (helmet restricted)
rElec    .         Harm     .   (no cloak)
rCorr    .         Rampage  .   (no gloves)
Will     .....     NoTele   +   (no boots)
Stlth    ..........             (no amulet)
HPRegen  0.28/turn              T - +6 ring of intelligence
MPRegen  0.19/turn              t - +6 ring of intelligence

@: berserking, lethally poisoned (-4 -> -83), very slightly contaminated, very
quick
A: walk through water, unfitting armour, unbreathing, cold-blooded, AC +12
a: Minor Destruction, Lesser Servant of Makhleb, Major Destruction, Greater
Servant of Makhleb, Renounce Religion


You were in the Dungeon.
You worshipped Makhleb.
Makhleb was exalted by your worship.
You visited 1 branch

Inventory:

Hand Weapons
 B - the +7 Singing Sword (weapon) {vorpal, sonic wave}
   (You found it in the Dungeon)

   It inflicts extra damage upon your enemies.
Jewellery
 r - an uncursed ring of flight
 s - a +6 ring of dexterity
 t - a +6 ring of intelligence (right hand)
 u - a +6 ring of dexterity
 v - a +6 ring of strength
 w - a +6 ring of strength
 T - a +6 ring of intelligence (left hand)
Wands
 x - a wand of disintegration (7)
 y - a wand of iceblast (7) {@v4}
 z - a wand of acid (7) {@v2}
Scrolls
 g - 4 scrolls of blinking {@r4}
 l - 4 scrolls of amnesia
 m - 7 scrolls of fog
 n - a scroll of holy word
 o - 5 scrolls of identify {@r1}
 p - 5 scrolls of remove curse {@r2}
 q - 2 scrolls of fear
Potions
 a - 2 potions of brilliance
 b - 9 potions of curing {@q1}
 c - 8 potions of heal wounds {@q2}
 d - 5 potions of haste {@q3}
 e - 5 potions of magic
 h - a potion of invisibility
 i - 3 potions of resistance {@q6}
 j - a potion of experience
 k - 4 potions of might {@q4}
Miscellaneous
 A - a lightning rod (4/4)


   Skills:
 - Level 1.7 Dodging
 - Level 1.7 Stealth
 - Level 9.3 Spellcasting
 - Level 13.6 Conjurations
 + Level 12.7 Hexes
 + Level 8.1 Transmutations
 - Level 13.6 Fire Magic


You had one spell level left.
You knew the following spells:

 Your Spells              Type           Power        Failure   Level
a - Foxfire               Conj/Fire      ####         0%          1
e - Fireball              Conj/Fire      #######...   1%          5
i - Invisibility          Hex            ######..     3%          6
D - Dragon Form           Tmut           ######....   75%         7
G - Ignition              Fire           #######...   65%         8

Your spell library contained the following spells:

 Spells                   Type           Power        Failure   Level
 Beastly Appendage        Tmut           ######       1%          1
 Apportation              Tloc           ##....       3%          1
 Sandblast                Erth           ##....       3%          1
 Wereblood                Tmut           ######..     1%          2
 Conjure Flame            Conj/Fire      #######.     1%          3
 Inner Flame              Hex/Fire       #######.     1%          3
 Tukima's Dance           Hex            ######..     1%          3
 Sticky Flame             Conj/Fire      #######.     1%          4
 Irradiate                Conj/Tmut      ######....   1%          5
 Iskenderun's Battlesphe  Conj           #######.     1%          5
 Spider Form              Tmut/Pois      #####.....   2%          3
 Hailstorm                Conj/Ice       ######..     2%          4
 Leda's Liquefaction      Hex/Erth       ######....   2%          4
 Bolt of Magma            Conj/Fire/Erth ######....   2%          5
 Blade Hands              Tmut           ######....   3%          5
 Ice Form                 Ice/Tmut       #####...     7%          4
 Lesser Beckoning         Tloc           ##........   12%         3
 Orb of Destruction       Conj           #######...   12%         7
 Alistair's Intoxication  Tmut/Pois      #####....    21%         5
 Hydra Form               Tmut           ######....   21%         6
 Iron Shot                Conj/Erth      ######....   34%         6
 Borgnjor's Vile Clutch   Necr/Erth      ##........   71%         5
 Lee's Rapid Deconstruct  Erth           ##........   71%         5
 Statue Form              Tmut/Erth      #####....    73%         6
 Spellforged Servitor     Conj/Summ      ######....   89%         7
 Shatter                  Erth           ##........   100%        9


Dungeon Overview and Level Annotations

Branches:
Dungeon (1/1)

Altars:
Ashenzari
Cheibriados
Dithmenos
Elyvilon
Fedhas
Gozag
Hepliaklqana
Kikubaaqudgha
Makhleb
Nemelex Xobeh
Okawaru
Qazlal
Ru
Sif Muna
Trog
Uskayaw
Vehumet
Wu Jian
Xom
Yredelemnul
Zin
The Shining One
Beogh
Jiyva
Lugonu

Annotations:
D 1 transporter


Innate Abilities, Weirdness & Mutations

You can walk through water.
Your dull iron-grey scales are very hard. (AC +12)
You cannot fit into any form of body armour.
You can survive without breathing.
You are cold-blooded and may be slowed by cold attacks.


Message History

You feel better.
A red film seems to cover your vision as you go berserk!
You feel yourself moving faster!
You feel mighty!
The +0 glaive of venom barely misses you.
You riposte.
You miss the +0 glaive of venom.
The +0 glaive of venom is heavily damaged.
You miss the +0 glaive of venom.
The +0 glaive of venom is heavily damaged.
You flicker back into view.
The +0 glaive of venom hits you!!
You are poisoned.
You barely miss the +0 glaive of venom.
The +0 glaive of venom is heavily damaged.
You feel very sick. The +0 glaive of venom hits you!!
* * * LOW HITPOINT WARNING * * *
You are more poisoned.
You slash the +0 glaive of venom!
The +0 glaive of venom is almost destroyed.
You die...

▓.▓....▓.▓.▓..).▓.▓
▓...©....▓...©....▓
▓▓▓▓▓▓▓▓▓▓▓▓▓▓▓▓▓▓▓
▓...8©8...▓..8©8..▓
▓..|:))...▓..)[=..▓
▓...))|...▓....|..▓
▓.)).)....▓..)....▓
▓...(.....▓....)..▓
▓...@.....▓...)...▓
▓.........▓.......▓
▓.........▓.▓...▓.▓
▓....©....▓...©...▓
▓▓▓▓▓▓▓▓▓▓▓▓▓▓▓▓▓▓▓
▓..8©8..▓ ▓..[)=..▓
▓..)))..▓ ▓.......▓


You could see a +0 glaive of venom.

Vanquished Creatures
  An anaconda (shapeshifter) (D)
  2 dancing weapons (D)
  3 deep elf knights (D)
  2 deep elf archers (D)
  3 deep elf magi (D)
  4 merfolk (D)
  A jumping spider (D)
  A yak (D)
  A fire elemental (D)
  2 water elementals (D)
  4 orc warriors (D)
  A wolf (D)
  3 scorpions (D)
  4 orc priests (D)
  2 orc wizards (D)
  2 orcs (D)
36 creatures vanquished.

Notes
Turn   | Place    | Note
-------+----------+-------------------------------------------
     0 | D        | sahdkjhfkaj the Draconian Fire Elementalist began the quest
                  | for the Orb.
     0 | D        | Reached XP level 1. HP: 14/14 MP: 3/3
     0 | D        | Found a shimmering blue altar of Sif Muna.
     0 | D        | Found a sacrificial altar of Ru.
     0 | D        | Found a bloodstained altar of Trog.
     0 | D        | Found a stormy altar of Qazlal.
     0 | D        | Found an iron altar of Okawaru.
     0 | D        | Found a sparkling altar of Nemelex Xobeh.
     0 | D        | Found a blossoming altar of Fedhas.
     1 | D        | Found the +6 Majin-Bo {vamp, MP+6 Int+6}
     1 | D        | Found the +9 heavy crossbow "Sniper" {vorpal, Acc+∞ SInv}
     1 | D        | Found the +10 dark maul {vorpal}
     1 | D        | Found the +15 Maxwell's patent armour {-Cast -Tele rElec
                  | Will+ rCorr}
     1 | D        | Found the +18 shield of the Gong {rElec rN+ Will+ EV-5}
     1 | D        | Found the cursed +14 obsidian axe {vorpal, +Fly SInv
                  | *Curse}
     1 | D        | Found the +7 great mace "Firestarter" {inner flame, rF++}
     1 | D        | Found the +6 shillelagh "Devastator" {shatter}
     1 | D        | Found the +11 plutonium sword {*Contam Stlth-}
     1 | D        | Found the +8 lance "Wyrmbane" {slay drac, rPois rF+ rC+
                  | AC+3}
     1 | D        | Found the +9 sword of Zonguldrok {reap}
     1 | D        | Found the cursed +13 scythe of Curses {drain, *Curse}
     1 | D        | Found the +0 sword of Power
     1 | D        | Found the +7 mace of Variability {chain chaos}
     1 | D        | Found the +7 Singing Sword {vorpal, sonic wave}
     1 | D        | Found the +8 storm bow {elec, penet}
     2 | D        | Found a transporter.
     2 | D        | Found an ancient bone altar of Kikubaaqudgha.
     2 | D        | Found a viscous altar of Jiyva.
     2 | D        | Found a corrupted altar of Lugonu.
     2 | D        | Found a hazy altar of Hepliaklqana.
     2 | D        | Found a burning altar of Makhleb.
     2 | D        | Found an opulent altar of Gozag.
    52 | D        | Became a worshipper of Makhleb the Destroyer
    64 | D        | Entered arena 2.
    64 | D        | Noticed a wolf
    64 | D        | Noticed a yak
    64 | D        | Found a transporter.
    67 | D        | Killed a wolf
    67 | D        | Killed a yak
    68 | D        | Reached skill level 5 in Spellcasting
    68 | D        | Reached XP level 2. HP: 9/20 MP: 4/8
    68 | D        | Reached XP level 3. HP: 12/26 MP: 4/9
    68 | D        | Reached XP level 4. HP: 15/33 MP: 4/11
    68 | D        | Reached XP level 5. HP: 17/38 MP: 4/12
   254 | D        | Learned a level 5 spell: Fireball
   254 | D        | Entered arena 3.
   254 | D        | Noticed a +1 dire flail of protection
   254 | D        | Noticed a water elemental
   254 | D        | Noticed a deep elf knight
   254 | D        | Found a transporter.
   259 | D        | Killed a water elemental
   259 | D        | Reached * piety under Makhleb
   260 | D        | Reached XP level 6. HP: 22/45 MP: 7/14
   260 | D        | Killed a +1 dire flail of protection
   261 | D        | Your scales start taking on a dull iron-grey colour.
   261 | D        | Reached XP level 7. HP: 11/50 MP: 7/17
   261 | D        | Gained mutation: You can survive without breathing. [Grey
                  | Draconian growth]
   261 | D        | Killed a deep elf knight
   261 | D        | Reached ** piety under Makhleb
   262 | D        | Reached XP level 8. HP: 31/57 MP: 8/20
   453 | D        | Entered arena 4.
   453 | D        | Noticed a merfolk
   453 | D        | Noticed a merfolk
   453 | D        | Noticed a merfolk
   453 | D        | Noticed a merfolk
   453 | D        | Found a transporter.
   454 | D        | Identified the ring "Kosox" {+Blink +Fly}
   455 | D        | Killed a merfolk
   456 | D        | Killed a merfolk
   456 | D        | Killed a merfolk
   456 | D        | Killed a merfolk
   456 | D        | Reached *** piety under Makhleb
   457 | D        | Reached XP level 9. HP: 62/62 MP: 5/22
   626 | D        | Got the Guide on Earthen Snow
   628 | D        | Entered arena 5.
   628 | D        | Noticed a jumping spider
   628 | D        | Found a transporter.
   629 | D        | Killed a jumping spider
   629 | D        | Reached **** piety under Makhleb
   669 | D        | Learned a level 6 spell: Invisibility
   669 | D        | Entered arena 6.
   669 | D        | Noticed a deep elf archer
   669 | D        | Noticed a deep elf mage
   669 | D        | Noticed a deep elf knight
   669 | D        | Noticed a deep elf knight
   669 | D        | Found a transporter.
   674 | D        | Killed a deep elf mage
   674 | D        | Killed a deep elf knight
   676 | D        | Killed a deep elf archer
   676 | D        | Killed a deep elf knight
   677 | D        | Reached skill level 10 in Hexes
   677 | D        | Reached XP level 10. HP: 69/69 MP: 18/23
   727 | D        | Got the Disquisition on the Volcanoes
   738 | D        | Learned a level 8 spell: Ignition
   738 | D        | Entered arena 7.
   740 | D        | Reached ***** piety under Makhleb
   743 | D        | Found a transporter.
   868 | D        | Learned a level 7 spell: Dragon Form
   869 | D        | Entered arena 8.
   870 | D        | Found a transporter.
   872 | D        | Reached skill level 1 in Transmutations
   872 | D        | Reached ****** piety under Makhleb
  1062 | D        | Entered arena 9.
  1062 | D        | Noticed a +0 long sword of draining
  1062 | D        | Noticed a manticore
  1062 | D        | Noticed a deep elf mage
  1062 | D        | Noticed a +0 glaive of venom
  1062 | D        | Noticed a deep elf mage
  1062 | D        | Noticed a deep elf archer
  1063 | D        | Found a transporter.
  1063 | D        | Noticed a goliath frog
  1063 | D        | a manticore changed into a goliath frog
  1065 | D        | Noticed a six-headed hydra
  1065 | D        | a goliath frog changed into a six-headed hydra
  1066 | D        | Killed a deep elf mage
  1066 | D        | Killed a deep elf archer
  1067 | D        | Reached skill level 5 in Transmutations
  1068 | D        | Killed a deep elf mage
  1069 | D        | Noticed a goliath frog
  1069 | D        | a six-headed hydra changed into a goliath frog
  1070 | D        | Noticed a satyr
  1070 | D        | a goliath frog changed into a satyr
  1072 | D        | Noticed an anaconda
  1072 | D        | a satyr changed into an anaconda
  1074 | D        | Killed an anaconda
  1075 | D        | Killed a +0 long sword of draining
  1076 | D        | Reached XP level 11. HP: 74/74 MP: 9/24
  1084 | D        | HP: 2/111 [+0 glaive of venom (35)]
  1085 | D        | Succumbed to a +0 glaive of venom's poison

Illustrated notes

Levels and vault maps discovered:
D:        sprint_v [room_start, room_1, room_2, room_3, room_4, room_5, room_6,
          room_7, room_8, room_9, room_10, room_11, room_12, room_13, room_14,
          room_15, room_16, room_17, room_18, room_19, room_20, room_21,
          room_22, room_23, room_24, room_25, room_26, room_27]

Skill      XL: |  1  2  3  4  5  6  7  8  9 10 |
---------------+-------------------------------+-----
Conjurations   | 8 9 11 12 13 | 13.6
Spellcasting   | 5 7 8 9 |  9.3
Fire Magic     | 7 9 11 12 13 | 13.6
Hexes          | 10 12 | 12.7
Transmutations | 8 |  8.1
Dodging        | |  1.7
Stealth        | |  1.7

Action                   |  1- 3 |  4- 6 |  7- 9 | 10-12 || total
-------------------------+-------+-------+-------+-------++-------
Melee: Double sword      |     1 |     2 |     5 |     6 ||    14
 Cast: Fireball          |       |     1 |     5 |    16 ||    22
       Invisibility      |       |       |       |     3 ||     3
  Use: Potion            |     4 |     3 |     1 |     4 ||    12
 Stab: Invisible         |       |       |       |     2 ||     2
Armor: Skin              |     1 |       |     1 |       ||     2
Dodge: Dodged            |     1 |     3 |     3 |     2 ||     9
       Rpst.: Double sword |     1 |       |     1 |     2 ||     4

Table legend: (Time is in decaauts)
 A = Elapsed time spent in this place.
 B = Non-inter-level travel time spent in this place.
 C = Inter-level travel time spent in this place.
 D = Time resting spent in this place.
 E = Time spent auto-exploring this place.
 F = Levels seen in this place.
 G = Mean time per level.
                   A        B        C        D        E       F      G
               +--------+--------+--------+--------+--------+-----+--------+
         Total |   1098 |   1098 |      0 |    886 |     21 |   1 | 1098.0 |
       Dungeon |   1098 |   1098 |      0 |    886 |     21 |   1 | 1098.0 |
               +--------+--------+--------+--------+--------+-----+--------+

Top non-repeatable levels by time:
       D: 1098 daAuts
